 Dungeon Crawl Stone Soup version 0.21.1-1-g345015f (webtiles) character file.

147 lotte the Magician (level 5, 0/28 HPs)
             Began as a Deep Elf Wizard on July 2, 2018.
             Killed from afar by Natasha (12 damage)
             ... with a wand of flame (23)
             ... on level 3 of the Dungeon.
             The game lasted 00:15:04 (2891 turns).

lotte the Magician (Deep Elf Wizard)                Turns: 2891, Time: 00:15:05

Health: 0/28       AC:  2    Str:  4    XL:     5   Next: 7%
Magic:  7/15       EV: 13    Int: 24    God:
Gold:   146        SH:  0    Dex: 13    Spells: 7/16 levels left

rFire    . . .     SeeInvis .   j - +2 dagger (venom)
rCold    . . .     Gourm    .   (no shield)
rNeg     . . .     Faith    .   a - +0 robe
rPois    .         Spirit   .   b - +0 hat
rElec    .         Reflect  .   (no cloak)
rCorr    .         Harm     .   (no gloves)
MR       .....                  (no boots)
Stlth    ++........             (no amulet)
HPRegen  0.09/turn              (no ring)
MPRegen  0.14/turn              (no ring)

@: very slightly contaminated
A: no striking features
a: no special abilities


You were on level 3 of the Dungeon.
You were near starving.

You visited 1 branch of the dungeon, and saw 3 of its levels.

You collected 146 gold pieces.

Inventory:

Hand Weapons
 j - a +2 dagger of venom (weapon)
Armour
 a - a +0 robe (worn)
 b - a +0 hat (worn)
Wands
 m - a wand of paralysis (13)
 r - a wand of acid (4)
 s - a wand of random effects (25)
Scrolls
 f - 2 scrolls of noise {unknown}
 h - a scroll of magic mapping {unknown}
 i - 2 scrolls of blinking {unknown}
 k - 2 scrolls of fear {unknown}
 l - 2 scrolls of identify {unknown}
 n - a scroll of immolation {unknown}
 o - 3 scrolls of remove curse {unknown}
 p - a scroll of random uselessness {unknown}
 q - a scroll of fog {unknown}
Potions
 e - 2 potions of might {unknown}
 g - a potion of mutation {unknown}
Books
 c - a book of Minor Magic

   Spells                             Type                      Level
   a - Magic Dart                     Conjuration                  1
   b - Blink                          Translocation                2
   c - Call Imp                       Summoning                    2
   d - Slow                           Hexes                        2
   e - Conjure Flame                  Conjuration/Fire             3
   f - Mephitic Cloud                 Conjuration/Poison/Air       3
Comestibles
 d - 6 rations


   Skills:
 - Level 2.4 Dodging
 - Level 2.4 Stealth
 + Level 6.3 Spellcasting
 * Level 2.6 Conjurations
 * Level 2.6 Summonings
   Level 1.1 Translocations
 + Level 1.0 Fire Magic


You had 7 spell levels left.
You knew the following spells:

 Your Spells              Type           Power        Failure   Level  Hunger
a - Magic Dart            Conj           ###.         2%          1    None
b - Call Imp              Summ           ###.....     3%          2    None
c - Conjure Flame         Conj/Fire      ###.....     11%         3    None
d - Mephitic Cloud        Conj/Pois/Air  ##......     16%         3    None


Dungeon Overview and Level Annotations

Branches:
Dungeon (3/15)

Altars:
Hepliaklqana

Annotations:
D:3 Natasha


Message History

Confirm with . or Enter, or press ? or * to list all spells.
A beastly little devil appears in a puff of flame.
Natasha mumbles some strange words.
You feel troubled.
Your crimson imp barely misses Natasha.
Your crimson imp barely misses Natasha.
Casting: Call Imp
Confirm with . or Enter, or press ? or * to list all spells.
Aiming: Conjure Flame
Press: ? - help, Dir - move target cursor, p - Natasha The fire ignites!
Natasha zaps a wand.
The puff of flame hits you!
Your crimson imp closely misses Natasha.
Your crimson imp misses Natasha.
Your crimson imp hits Natasha but does no damage.
Your crimson imp hits Natasha. x2
Your crimson imp barely misses Natasha.
Natasha zaps a wand.
The puff of flame misses you.
Your crimson imp misses Natasha.
Your crimson imp misses Natasha.
Natasha zaps a wand.
The puff of flame hits you!
You die...

#.###### #55..55# #.####h# #.#
#§# #5# #.# #### #.# #.# ...# #h#
#.############ ...#
#.####............#
...########.....@......####.#####
.......................#........#
.................(.....#.##.###.#
...###.###..#............##...#.#
........##..#..#..###########.#.#
...#....##..................#.#.#
...#.#..##.##.......#######.#.#.#
......§................># #.#.#
......#..#.##..#.....#### #.#.#


You could see Natasha and 2 friendly crimson imps.

Vanquished Creatures
  Natasha (D:3)
  A worm (D:3)
  5 leopard geckos
  4 bats
  A giant cockroach (D:2)
  5 goblins
  6 hobgoblins
  4 jackals (D:1)
  A ball python (D:2)
  7 frilled lizards
  5 kobolds
  5 rats
45 creatures vanquished.

Vanquished Creatures (collateral kills)
  Natasha (D:3)
  7 adders (D:2)
  3 worms (D:2)
  A leopard gecko (D:2)
  A kobold (D:2)
  2 rats (D:2)
15 creatures vanquished.

Grand Total: 60 creatures vanquished

Notes
Turn   | Place    | Note
-------+----------+-------------------------------------------
     0 | D:1      | lotte the Deep Elf Wizard began the quest for the Orb.
     0 | D:1      | Reached XP level 1. HP: 10/10 MP: 7/7
   196 | D:1      | Reached skill level 5 in Spellcasting
   233 | D:1      | Reached XP level 2. HP: 15/15 MP: 2/10
   781 | D:1      | Learned a level 2 spell: Call Imp
   976 | D:2      | Reached XP level 3. HP: 19/19 MP: 6/12
   981 | D:2      | Learned a level 3 spell: Conjure Flame
  1080 | D:2      | Reached skill level 6 in Spellcasting
  1230 | D:2      | Learned a level 3 spell: Mephitic Cloud
  1409 | D:2      | Reached XP level 4. HP: 24/24 MP: 8/14
  1686 | D:2      | Found a hazy altar of Hepliaklqana.
  2284 | D:3      | Noticed Natasha
  2289 | D:3      | Killed Natasha
  2374 | D:3      | Noticed Natasha
  2388 | D:3      | Killed Natasha
  2388 | D:3      | Reached skill level 1 in Fire Magic
  2388 | D:3      | Reached XP level 5. HP: 19/28 MP: 8/15
  2746 | D:3      | Noticed Natasha
  2891 | D:3      | Killed from afar by Natasha

Skill      XL: |  1  2  3  4 |
---------------+-------------+-----
Spellcasting   | 5 6 |  6.3
Summonings     | 2 |  2.6
Conjurations   | 2 |  2.6
Fire Magic     | 1 |  1.0
Dodging        | |  2.4
Stealth        | |  2.4
Translocations | |  1.1

Action                   |  1- 3 |  4- 6 || total
-------------------------+-------+-------++-------
 Cast: Magic Dart        |    72 |    41 ||   113
       Call Imp          |    13 |    15 ||    28
       Conjure Flame     |     1 |     5 ||     6
  Eat: Chunk             |     1 |     3 ||     4
Armor: Robe              |     6 |     1 ||     7
Dodge: Dodged            |    15 |     4 ||    19
